 Dungeon Crawl Stone Soup version 0.18-a0-1006-g6b5bfb2 (console) character file.

530 FIQ the Skirmisher (level 7, -2/55 HPs)
             Began as a Demonspawn Berserker on Jan 6, 2016.
             Was a Priest of Trog.
             Slain by FIQ's ghost (3 damage)
             ... on level 4 of the Dungeon.
             The game lasted 00:10:48 (2983 turns).

FIQ the Skirmisher (Demonspawn Berserker)           Turns: 2983, Time: 00:10:48

Health: -2/55      AC:  7    Str: 17    XL:     7   Next: 3%
Magic:  7/7        EV: 13    Int:  8    God:    Trog [***...]
Gold:   186        SH:  0    Dex: 15    Spells: 0 memorised, 6 levels left

rFire  . . .     SeeInvis .     o - +2 whip (venom)
rCold  . . .     Gourm    .     i - +3 leather armour {rN+}
rNeg   + . .     Faith    .     (no shield)
rPois  .         Spirit   .     d - +0 helmet
rElec  .         Dismiss  .     (no cloak)
rCorr  .         Reflect  .     (no gloves)
SustAt .         Harm     .     (no boots)
MR     .....                    e - amulet of rage
Stlth  +.........               (no ring)
                                (no ring)

@: lethally poisoned (-2 -> -5), slowed, very slow, not resistant to hostile
enchantments, very unstealthy
A: powered by death 2
a: Berserk, Trog's Hand, Burn Spellbooks, Renounce Religion, Evoke Berserk Rage


You were on level 4 of the Dungeon.
You worshipped Trog.
Trog was most pleased with you.
You were not hungry.

You visited 1 branch of the dungeon, and saw 4 of its levels.

You collected 186 gold pieces.

Inventory:

Hand Weapons
 a - a +0 mace
 o - a +2 whip of venom (weapon)
 q - a +1 hand axe of freezing
Armour
 d - a +0 helmet (worn)
 i - a +3 leather armour of positive energy (worn)
Jewellery
 e - an amulet of rage (around neck)
Wands
 h - a wand of random effects (22/48)
Scrolls
 l - 5 scrolls of identify
 s - 3 scrolls of remove curse
Comestibles
 b - 9 chunks of flesh
 c - 3 bread rations
 f - a royal jelly
 k - a beef jerky


   Skills:
 + Level 4.6 Fighting
 + Level 4.3 Maces & Flails
 + Level 3.7 Armour
 + Level 3.8 Dodging


You had 6 spell levels left.
You didn't know any spells.

Dungeon Overview and Level Annotations

Branches:
Dungeon (4/15)
 Temple: D:4-7

Altars:

Annotations:
D:4 FIQ's ghost, amateur DsCK


Innate Abilities, Weirdness & Mutations

You regenerate health from kills.


Message History

Zapping:
h - a wand of random effects (will waste charges)
Press: ? - help, Shift-Dir - straight line, f - FIQ's ghost
Aim: FIQ's ghost, wielding a weapon of chaos (lightly damaged) FIQ's ghost easily resists.
Evoking this partially-identified wand wasted a few charges.
You feel sick. FIQ's ghost hits you.
* * * LOW HITPOINT WARNING * * *
A ball python comes into view.
Evoke which item? (* to show all) (? for menu, Esc to quit)
Zapping:
h - a wand of random effects {zapped: 2} (will waste charges)
Press: ? - help, Shift-Dir - straight line, f/p - FIQ's ghost
Aim: FIQ's ghost, wielding a weapon of chaos (lightly damaged) FIQ's ghost easily resists.
Evoking this partially-identified wand wasted a few charges.
You feel sick. FIQ's ghost barely misses you. FIQ's ghost barely misses you.
You feel sick.
You feel sick. FIQ's ghost hits you.
* * * LOW HITPOINT WARNING * * *
You convulse.
You die...

....<...... ............
................... ##
##.....)...........### ###.
....(.....##.......#.#8.... ...
##......#............# ....
..#####..............##...## 8...
..........#..#.#.....<.....# ##>#
.#...............#......#..######
..........................[......
.#..........S..W@....####[....)..
...##....#....####......)[[..))..
.........................)<......
.#.................########..†..#
..............###### #.....#
......###...### #.....# .#....#
#.### ####### ....##....#
.#...#.#..# #....#...## #..(...##


You could see FIQ's ghost and a ball python.

Vanquished Creatures
  An ogre (D:4)
  A centaur (D:3)
  A hound (D:4)
  2 orc wizards (D:4)
  Natasha (D:4)
  A worker ant (D:4)
  A hound skeleton (D:4)
  Robin (D:2)
  8 adders
  4 gnolls (D:4)
  2 oozes (D:1)
  2 worms
  2 giant geckos (D:1)
  9 orcs (D:4)
  2 ball pythons
  5 bats
  3 giant cockroaches
  13 goblins
  11 hobgoblins
  3 jackals (D:2)
  A quokka (D:4)
  3 giant newts
  4 kobolds
  3 rats
84 creatures vanquished.

Notes
Turn   | Place    | Note
--------------------------------------------------------------
     0 | D:1      | FIQ the Demonspawn Berserker began the quest for the Orb.
     0 | D:1      | Reached XP level 1. HP: 18/18 MP: 1/1
   366 | D:1      | Gained mutation: You regenerate a little health from kills. [demonic ancestry]
   366 | D:1      | Reached XP level 2. HP: 21/24 MP: 2/2
   704 | D:1      | Reached XP level 3. HP: 12/29 MP: 3/3
  1396 | D:2      | Reached ** piety under Trog
  1397 | D:2      | Noticed Robin
  1417 | D:2      | Killed Robin
  1438 | D:2      | Reached XP level 4. HP: 31/35 MP: 4/4
  2153 | D:3      | Noticed a centaur
  2169 | D:3      | Killed a centaur
  2169 | D:3      | Reached skill level 4 in Fighting
  2169 | D:3      | Reached XP level 5. HP: 42/42 MP: 5/5
  2395 | D:3      | Reached *** piety under Trog
  2768 | D:4      | Gained mutation: You regenerate health from kills. [demonic ancestry]
  2768 | D:4      | Reached XP level 6. HP: 33/48 MP: 6/6
  2823 | D:4      | Noticed Natasha
  2849 | D:4      | Killed Natasha
  2936 | D:4      | Reached XP level 7. HP: 43/55 MP: 7/7
  2969 | D:4      | Noticed FIQ's ghost (amateur DsCK)
  2983 | D:4      | HP: 1/55 [FIQ's ghost (4)]
  2983 | D:4      | Slain by FIQ's ghost

Vault maps used:
D:1:      lightli_arrival_farm
D:2:      first_bread, minmay_misc_feat_secret_circle, uniq_robin
D:4:      grunt_temple_overflow_bloody_war, nicolae_overflow_hidden_temple,
          grunt_gozag_statues, uniq_natasha

Action                   |  1- 3 |  4- 6 |  7- 9 || total
-------------------------+-------+-------+-------++-------
Melee: Mace              |   121 |    32 |       ||   153
       Whip              |       |   187 |    12 ||   199
Invok: Trog's Hand       |       |     1 |       ||     1
Evoke: Wand              |       |       |     2 ||     2
  Use: Scroll            |     3 |     7 |     2 ||    12
       Potion            |     1 |     7 |       ||     8
 Stab: Sleeping          |     2 |       |       ||     2
  Eat: Chunk             |     1 |     7 |       ||     8
